 Dungeon Crawl Stone Soup version 0.31.0-12-g77e489cdc1 (webtiles) character file.

Game seed: 12376842917479384406

100 hawla the Ducker (level 4, 0/39 HPs)
             Began as a Minotaur Fighter on Mar 6, 2024.
             Killed from afar by Sigmund (11 damage)
             ... with a puff of flame
             ... on level 2 of the Dungeon.
             The game lasted 00:03:40 (1833 turns).

hawla the Ducker (Minotaur Fighter)                 Turns: 1833, Time: 00:03:41

Health: 0/39       AC:  8    Str: 21    XL:     4   Next: 47%
Magic:  3/3        EV: 11    Int:  5    God:
Gold:   55         SH:  4    Dex: 11    Spells: 3/3 levels left

rFire   . . .        a - +0 long sword (heavy)
rCold   . . .        c - +0 buckler
rNeg    . . .        b - +0 scale mail
rPois   .            (helmet restricted)
rElec   .            (no cloak)
rCorr   .            (no gloves)
SInv    .            i - +0 pair of boots
Will    .....        g - amulet of the acrobat Stlth
                     (no ring)
HPRegen 0.26/turn    (no ring)
MPRegen 0.08/turn

%: acrobat
@: mighty
A: horns 2, retaliatory headbutt
a: no special abilities


You were on level 2 of the Dungeon.
You visited 1 branch of the dungeon, and saw 2 of its levels.

You collected 103 gold pieces.
You spent 48 gold pieces at shops.

Inventory:

Hand Weapons
 a - a +0 heavy long sword (weapon)
Armour
 b - a +0 scale mail (worn)
 c - a +0 buckler (worn)
 i - a +0 pair of boots (worn)
Jewellery
 g - an amulet of the acrobat (around neck)
Scrolls
 f - a scroll of enchant weapon
 k - a scroll of enchant armour
Potions
 j - a potion of haste {unknown}


   Skills:
 - Level 3.6 Fighting
 - Level 2.4 Long Blades
 - Level 3.6 Armour
 + Level 4.6 Dodging
 - Level 3.6 Shields


You had 3 spell levels left.
You didn't know any spells.
Your spell library was empty.

Dungeon Overview and Level Annotations

Branches:
Dungeon (2/15)

Altars:

Shops:
D:1 ?   D:2 :

Annotations:
D:2 Sigmund


Innate Abilities, Weirdness & Mutations

You have a pair of horns on your head.
You reflexively headbutt those who attack you in melee.


Message History

You hit the goblin.
The goblin is heavily wounded.
The goblin closely misses you. The goblin hits you but does no damage.
You slash the goblin!
You kill the goblin!
Sigmund the Dreaded comes into view.
He is wielding a +0 scythe.
Sigmund shouts!
Sigmund is nearby!
Sigmund is nearby!
Sigmund is nearby!
Sigmund points at you and mumbles some strange words.
You resist with some effort.
Sigmund casts a spell.
Sigmund flickers and vanishes!
Deactivating autopickup; reactivate with Ctrl-A.
Something misses you.
You miss something. Your headbutt misses something.
You block something's attack.
You closely miss something. Your headbutt misses something.
Something hits you but does no damage.
You miss something. Something hits you. x2
You barely miss something. Your headbutt misses something. Something hits you.
You miss something. Something hits you.
You slash something! Your headbutt misses something. Something hits you.
You block something's attack.
You hit something. Something hits you.
You barely miss something. Your headbutt misses something. Something hits you.
You barely miss something. Your headbutt misses something. Something hits you!
* * * LOW HITPOINT WARNING * * *
Something completely misses you.
You feel better.
You feel very mighty all of a sudden. Something completely misses you.
You closely miss something. You headbutt something. Something hits you.
You closely miss something. Something hits you!
* * * LOW HITPOINT WARNING * * *
You hear some strange, mumbled words.
A puff of flame appears from out of thin air!
The puff of flame hits you!
You die...

.# ....#..)....# #.. .#
)#.#.......# #.. .#
#.......# ### .#
#.####### .# .# .#
.#######
########################
........
......{@................
########
###############....#####
#....# #....# #...)#
#....# #....# #....#
##########


There were no monsters in sight!

Vanquished Creatures
  Jessica (D:2)
  Robin (D:2)
  An adder (D:2)
  2 dart slugs (D:1)
  4 endoplasms
  6 giant cockroaches
  7 goblins
  6 hobgoblins
  2 jackals (D:1)
  3 quokkas (D:2)
  A ball python (D:1)
  4 frilled lizards
  2 kobolds (D:1)
  7 rats
47 creatures vanquished.

Notes
Turn   | Place    | Note
-------+----------+-------------------------------------------
     0 | D:1      | hawla the Minotaur Fighter began the quest for the Orb.
     0 | D:1      | Reached XP level 1. HP: 19/19 MP: 0/0
    30 | D:1      | You fall into a shaft and drop 1 floor!
    73 | D:2      | Reached skill level 1 in Dodging
   110 | D:2      | Found Uphuc's Book Shop.
   182 | D:2      | Reached skill level 2 in Dodging
   182 | D:2      | Reached XP level 2. HP: 26/26 MP: 1/1
   236 | D:2      | Noticed Robin
   252 | D:2      | Killed Robin
   253 | D:2      | Reached skill level 3 in Dodging
   253 | D:2      | Reached XP level 3. HP: 18/31 MP: 2/2
   846 | D:1      | Found Xueged's Magic Scroll Emporium.
   851 | D:1      | Bought 2 scrolls of identify for 48 gold pieces
  1164 | D:1      | Reached skill level 4 in Dodging
  1268 | D:1      | Reached XP level 4. HP: 39/39 MP: 3/3
  1457 | D:2      | Noticed Jessica
  1465 | D:2      | Killed Jessica
  1816 | D:2      | Noticed Sigmund
  1833 | D:2      | Killed from afar by Sigmund

Illustrated notes

Levels and vault maps discovered:
D:1:      arrival_zaba_pyramid, layout_basic, serial_shops,
          nicolae_shop_hallway_stairs, serial_curves, eino_curves_04,
          eino_curves_04
D:2:      layout_basic, serial_shops, shop, uniq_jessica, uniq_sigmund,
          uniq_robin

Skill      XL: |  1  2  3 |
---------------+----------+-----
Dodging        | 2 3 4 |  4.6
Fighting       | |  3.6
Long Blades    | |  2.4
Armour         | |  3.6
Shields        | |  3.6

Action                     |  1- 3 |  4- 6 || total
---------------------------+-------+-------++-------
  Melee: Long sword        |    94 |    25 ||   119
         Headbutt          |     9 |     1 ||    10
    Use: Scroll            |       |     5 ||     5
         Potion            |       |     2 ||     2
 Armour: Scale mail        |    35 |    19 ||    54
  Dodge: Dodged            |    46 |    12 ||    58
  Block: Buckler           |    26 |     6 ||    32
